 Dungeon Crawl Stone Soup version 0.24.1-14-gf8d2b509d9 (console) character file.

Game seed: 292714979713006838, levelgen mode: deterministic

6130 Kagalorn the Magician (level 10, -7/76 HPs)
             Began as a Gnoll Wanderer on Nov 27, 2020.
             Was a Priest of Cheibriados.
             Mangled by Frances
             ... wielding a +0 glaive
              (22 damage)
             ... on level 12 of the Dungeon.
             The game lasted 00:24:45 (12557 turns).

Kagalorn the Magician (Gnoll Wanderer)             Turns: 12557, Time: 00:24:48

Health: -7/76      AC: 11    Str: 28    XL:     10   Next: 89%
Magic:  11/21      EV: 15    Int: 23    God:    Cheibriados [***...]
Gold:   407        SH: 12    Dex: 27    Spells: 24/24 levels left

rFire    . . .     SeeInvis .   b - +4 mace {crush, -Tele +Fly MR+ Dex+6}
rCold    . . .     Gourm    .   Q - +0 shield
rNeg     . . .     Faith    .   n - +1 ring mail of the Bulwark {Str+3 Dex-2} (curse)
rPois    .         Spirit   .   (no helmet)
rElec    .         Reflect  .   N - +2 cloak
rCorr    .         Harm     .   q - +0 pair of gloves
MR       +....     NoTele   +   (no boots)
Stlth    +++.......             I - amulet of the acrobat
HPRegen  0.22/turn              G - ring of flight
MPRegen  0.17/turn              (no ring)

@: very slow
A: distributed training, fangs 1, strong nose
a: Bend Time, Temporal Distortion, Renounce Religion, Evoke Flight


You were on level 12 of the Dungeon.
You worshipped Cheibriados.
Cheibriados was most pleased with you.
You were very hungry.

You visited 2 branches of the dungeon, and saw 12 of its levels.

You collected 576 gold pieces.
You spent 169 gold pieces at shops.

Inventory:

Hand Weapons
 a - a +2 short sword of venom
 b - the +4 mace of Law (weapon) {crush, -Tele +Fly MR+ Dex+6}
   (You found it on level 9 of the Dungeon)

   It inflicts extra damage upon your enemies.
   It affects your dexterity (+6).
   It affects your resistance to hostile enchantments.
   It lets you fly.
   It prevents most forms of teleportation.
 M - a +0 hand crossbow
 O - a +0 dagger of electrocution
Missiles
 e - 45 poisoned darts (quivered)
 h - 270 stones
 i - 11 atropa-tipped darts
 u - 47 bolts
 v - 2 curare-tipped darts
 A - 12 boomerangs
 B - 95 arrows
 D - 52 sling bullets
 H - 3 silver javelins
Armour
 n - the cursed +1 ring mail of the Bulwark (worn) {Str+3 Dex-2}
   (You found it on level 9 of the Dungeon)

   It affects your strength (+3).
   It affects your dexterity (-2).
   It has a curse placed upon it.
 q - a +0 pair of gloves (worn)
 N - a +2 cloak (worn)
 Q - a +0 shield (worn)
Jewellery
 G - a ring of flight (left hand)
 I - an amulet of the acrobat (around neck)
 S - an uncursed ring of resist corrosion {unknown}
Wands
 l - a wand of flame (32)
 K - a wand of paralysis (7)
 L - a wand of digging (11)
 T - a wand of polymorph (8)
 U - a wand of iceblast (8)
Scrolls
 d - 11 scrolls of teleportation
 g - 6 scrolls of remove curse
 j - 2 scrolls of amnesia
 m - 2 scrolls of enchant armour
 o - a scroll of blinking
 r - 3 scrolls of fear
 y - a scroll of enchant weapon
 F - a scroll of fog
 P - 2 scrolls of magic mapping
Potions
 c - 5 potions of curing
 k - 4 potions of degeneration
 p - a potion of brilliance
 s - 2 potions of cancellation
 t - 2 potions of agility
 w - 2 potions of heal wounds
 x - a potion of might
 z - 3 potions of mutation
 C - 2 potions of lignification
 E - a potion of resistance
 J - a potion of flight
 R - a potion of invisibility {unknown}
Comestibles
 f - 18 rations


   Skills:
 + Level 6.2 Fighting
 + Level 5.6 Short Blades
 + Level 5.6 Long Blades
 + Level 5.6 Axes
 + Level 5.6 Maces & Flails
 + Level 5.6 Polearms
 + Level 5.6 Staves
 + Level 5.6 Slings
 + Level 5.6 Bows
 + Level 5.6 Crossbows
 + Level 6.2 Throwing
 + Level 5.6 Armour
 + Level 6.2 Dodging
 + Level 6.1 Stealth
 + Level 5.6 Shields
 + Level 6.2 Unarmed Combat
 + Level 7.6 Spellcasting
 + Level 4.6 Conjurations
 + Level 4.6 Hexes
 + Level 5.1 Charms
 + Level 4.6 Summonings
 + Level 6.1 Necromancy
 + Level 4.6 Translocations
 + Level 4.6 Transmutations
 + Level 4.6 Fire Magic
 + Level 4.6 Ice Magic
 + Level 4.6 Air Magic
 + Level 4.6 Earth Magic
 + Level 4.6 Poison Magic
 + Level 6.1 Invocations
 + Level 5.6 Evocations


You had 24 spell levels left.
You didn't know any spells.
Your spell library contained the following spells:

 Spells                   Type           Power        Failure   Level  Hunger
 Confusing Touch          Hex            ####..       5%          1    None
 Confuse                  Hex            ####....     16%         3    None
 Gell's Gravitas          Tloc           ####......   16%         3    None
 Petrify                  Tmut/Erth      ####....     45%         4    ###....
 Metabolic Englaciation   Hex/Ice        ####......   82%         5    #####..
 Yara's Violent Unravell  Hex/Tmut       ####......   82%         5    #####..


Dungeon Overview and Level Annotations

Branches:
Dungeon (10/15)            Temple (1/1) D:7            Lair (0/6) D:9
    Orc (0/2) D:9

Altars:
Ashenzari
Cheibriados
Dithmenos
Elyvilon
Fedhas
Gozag
Hepliaklqana
Kikubaaqudgha
Makhleb
Nemelex Xobeh
Okawaru
Qazlal
Ru
Sif Muna
Trog
Uskayaw
Vehumet
Wu Jian
Xom
Yredelemnul
Zin
The Shining One

Shops:
D:6 :!(   D:8 }

Annotations:
D:9 exclusion: slime creature, Psyche
D:12 Frances


Innate Abilities, Weirdness & Mutations

Your experience applies equally to all skills.
You have very sharp teeth.
Your uncanny sense of smell can sniff out nearby items.


Message History

Evoke which item? (* to show all) (? for menu, Esc to quit)
Aiming: Iceblast
Press: ? - help, Shift-Dir - straight line, p - Frances The mass of ice explodes!
The iceblast engulfs the hellwing!
You kill the hellwing!
The iceblast engulfs Frances!!
Frances is almost dead.
Frances screams a word of power!
The ice devil misses you.
Unknown command.
Evoke which item? (* to show all) (? for menu, Esc to quit)
Aiming: Iceblast
Press: ? - help, Shift-Dir - straight line The mass of ice explodes!
The iceblast engulfs Frances!
Frances is almost dead.
The iceblast engulfs the smoke demon!
The smoke demon is heavily wounded.
Frances says, "I will defeat you, of this I have no doubt!"
Frances hits you from afar with a +0 glaive!!
You die...

#..........# ∆ #.......(..# ∆
##)†........#####+########
..##'###.................#
..#....#.................#
..#....#...>.............#
..######....(............####
### ##'##########.........
#.......@.@'.........
#.......43.#4........
##..##.....#..(......
###########..3..#### #@.5..#
#.5.3.# #.....# ..(....
.......#


You could see Frances, a hellwing, an ice devil and a smoke demon.

Vanquished Creatures
  A troll (D:10)
  A hippogriff (D:9)
  Grinder (D:3)
  3 slime creatures (D:9)
  A yak (D:8)
  2 humans (D:8)
  2 hungry ghosts (D:9)
  A hornet zombie (D:8)
  An orc warrior (D:8)
  2 sky beasts
  3 ice beasts
  2 necrophages
  An ogre (D:7)
  2 phantoms
  3 centaurs
  3 crocodiles
  4 bullfrogs
  A gnoll sergeant (D:10)
  Blork the orc (D:6)
  2 big kobolds
  A scorpion (D:5)
  3 troll zombies (D:9)
  10 killer bees (D:8)
  4 wights (D:9)
  4 crimson imps
  A quasit (D:10)
  4 hounds
  4 centaur skeletons
  5 orc priests
  7 orc wizards
  A bullfrog skeleton (D:8)
  An iron imp (D:5)
  Natasha (thrice) (D:3)
  An iguana (D:7)
  6 worker ants
  3 ogre zombies (D:9)
  A hound zombie (D:6)
  A hound skeleton (D:4)
  5 gnolls (D:10)
  11 adders
  2 shadow imps
  An ooze (D:1)
  An adder skeleton (D:7)
  An adder zombie (D:6)
  A dart slug (D:1)
  8 leopard geckos
  30 orcs
  5 giant cockroaches
  10 goblins
  7 hobgoblins
  4 jackals (D:6)
  12 kobolds
  2 quokkas
  5 ball pythons
  9 bats
  4 frilled lizards
  A goblin zombie (D:9)
  3 hobgoblin zombies (D:9)
  3 leopard gecko skeletons
  An orc skeleton (D:9)
  14 orc zombies (D:9)
  7 rats
244 creatures vanquished.

Notes
Turn   | Place    | Note
-------+----------+-------------------------------------------
     0 | D:1      | Kagalorn the Gnoll Wanderer began the quest for the Orb.
     0 | D:1      | Kagalorn set off with the following items: a +2 dagger, a
                  | curare-tipped dart, a potion of curing, a scroll of
                  | teleportation, a +0 robe, a ration
     0 | D:1      | Reached XP level 1. HP: 17/17 MP: 6/6
   101 | D:1      | Reached XP level 2. HP: 4/23 MP: 7/7
   520 | D:1      | Reached XP level 3. HP: 23/28 MP: 9/9
   535 | D:1      | Reached skill level 5 in Spellcasting
   894 | D:2      | Reached skill level 1 in Invocations
  1198 | D:2      | Reached skill level 1 in Short Blades
  1198 | D:2      | Reached skill level 1 in Long Blades
  1198 | D:2      | Reached skill level 1 in Axes
  1198 | D:2      | Reached skill level 1 in Maces & Flails
  1198 | D:2      | Reached skill level 1 in Polearms
  1198 | D:2      | Reached skill level 1 in Staves
  1198 | D:2      | Reached skill level 1 in Slings
  1198 | D:2      | Reached skill level 1 in Bows
  1198 | D:2      | Reached skill level 1 in Crossbows
  1198 | D:2      | Reached skill level 1 in Armour
  1198 | D:2      | Reached skill level 1 in Shields
  1198 | D:2      | Reached skill level 1 in Evocations
  1198 | D:2      | Reached XP level 4. HP: 31/34 MP: 11/11
  1458 | D:3      | Noticed Natasha
  1469 | D:3      | Killed Natasha
  1469 | D:3      | Reached skill level 1 in Conjurations
  1469 | D:3      | Reached skill level 1 in Hexes
  1469 | D:3      | Reached skill level 1 in Summonings
  1469 | D:3      | Reached skill level 1 in Translocations
  1469 | D:3      | Reached skill level 1 in Transmutations
  1469 | D:3      | Reached skill level 1 in Fire Magic
  1469 | D:3      | Reached skill level 1 in Ice Magic
  1469 | D:3      | Reached skill level 1 in Air Magic
  1469 | D:3      | Reached skill level 1 in Earth Magic
  1469 | D:3      | Reached skill level 1 in Poison Magic
  1617 | D:3      | Noticed Natasha
  1623 | D:3      | Killed Natasha
  1623 | D:3      | Reached XP level 5. HP: 35/40 MP: 12/12
  1952 | D:3      | Noticed Natasha
  1952 | D:3      | Noticed Grinder
  1966 | D:3      | Killed Natasha
  2188 | D:4      | Reached XP level 6. HP: 37/47 MP: 13/13
  2535 | D:4      | Found a bloodstained altar of Trog.
  2536 | D:4      | Found a hide-covered altar of Uskayaw.
  2686 | D:4      | Found a sacrificial altar of Ru.
  2979 | D:5      | Entered Level 5 of the Dungeon
  3078 | D:5      | Reached XP level 7. HP: 44/52 MP: 15/15
  3481 | D:5      | Found a snail-covered altar of Cheibriados.
  3584 | D:5      | Became a worshipper of Cheibriados the Contemplative
  4465 | D:6      | Reached XP level 8. HP: 55/56 MP: 16/16
  4492 | D:6      | Found Kuhasad's Book Shop.
  4499 | D:6      | Found Yqanymp's Distillery.
  4505 | D:6      | Noticed Blork the orc
  4522 | D:6      | Killed Blork the orc
  4535 | D:6      | Bought a potion of degeneration for 15 gold pieces
  4925 | D:6      | Reached * piety under Cheibriados
  5010 | D:6      | Found Qijiar's Antique Weapon Shoppe.
  5116 | D:6      | Reached skill level 6 in Spellcasting
  5255 | D:7      | Found a staircase to the Ecumenical Temple.
  5279 | Temple   | Entered the Ecumenical Temple
  5504 | D:7      | Found a white marble altar of Elyvilon.
  5505 | D:7      | Found a stormy altar of Qazlal.
  6546 | D:7      | Reached XP level 9. HP: 62/62 MP: 18/18
  6897 | D:8      | Found Gurho's Gadget Boutique.
  6902 | D:8      | Bought a wand of paralysis (9) for 154 gold pieces
  6978 | D:8      | Reached skill level 5 in Necromancy
  7287 | D:8      | Found an iron altar of Okawaru.
  7315 | D:8      | Reached ** piety under Cheibriados
  7505 | D:8      | Reached skill level 5 in Fighting
  7505 | D:8      | Reached skill level 5 in Throwing
  7505 | D:8      | Reached skill level 5 in Dodging
  7505 | D:8      | Reached skill level 5 in Unarmed Combat
  7764 | D:8      | Reached skill level 5 in Stealth
  8218 | D:8      | HP: 1/64 [hornet zombie (9)]
  8660 | D:8      | Reached skill level 5 in Invocations
  8819 | D:8      | Reached *** piety under Cheibriados
  8945 | D:9      | Got a blackened trident
  8946 | D:9      | Identified the +1 trident of Nostoas {speed, Dex+4 Stlth+}
                  | (You found it on level 9 of the Dungeon)
  9015 | D:9      | Reached XP level 10. HP: 72/74 MP: 20/20
  9038 | D:9      | Reached skill level 7 in Spellcasting
  9068 | D:9      | Got a bloodstained ring mail
  9079 | D:9      | Identified the cursed +1 ring mail of the Bulwark {Str+3
                  | Dex-2} (You found it on level 9 of the Dungeon)
  9281 | D:9      | Found a staircase to the Orcish Mines.
  9319 | D:9      | Reached skill level 5 in Short Blades
  9319 | D:9      | Reached skill level 5 in Long Blades
  9319 | D:9      | Reached skill level 5 in Axes
  9319 | D:9      | Reached skill level 5 in Maces & Flails
  9319 | D:9      | Reached skill level 5 in Polearms
  9319 | D:9      | Reached skill level 5 in Staves
  9319 | D:9      | Reached skill level 5 in Slings
  9319 | D:9      | Reached skill level 5 in Bows
  9319 | D:9      | Reached skill level 5 in Crossbows
  9319 | D:9      | Reached skill level 5 in Armour
  9319 | D:9      | Reached skill level 5 in Shields
  9319 | D:9      | Reached skill level 5 in Evocations
  9614 | D:9      | Noticed Psyche
  9641 | D:9      | Found a staircase to the Lair.
  9745 | D:9      | Found a glowing silver altar of Zin.
  9796 | D:9      | Got a bloodstained mace
  9826 | D:9      | Reached **** piety under Cheibriados
 10244 | D:9      | Identified the +4 mace of Law {crush, -Tele +Fly MR+ Dex+6}
                  | (You found it on level 9 of the Dungeon)
 10298 | D:9      | HP: 3/76 [slime creature (7)]
 11540 | D:3      | Killed Grinder
 11540 | D:3      | Reached skill level 5 in Charms
 11626 | D:3      | Found a blossoming altar of Fedhas.
 11837 | D:10     | Entered Level 10 of the Dungeon
 12180 | D:10     | Found a shimmering blue altar of Sif Muna.
 12461 | D:10     | You fall into a shaft and drop 2 floors!
 12541 | D:12     | Noticed Frances
 12557 | D:12     | Noticed a smoke demon
 12557 | D:12     | Mangled by Frances

Levels and vault maps discovered:
D:1:      scummos_arrival_hexagon, layout_basic, minmay_hexomino_c4
D:2:      minmay_chambers_of_twos, layout_rooms
D:3:      layout_loops_ring, fedhas_altar_4, uniq_natasha, uniq_grinder
D:4:      layout_basic, lemuel_coloured_pillars_altar,
          gammafunk_temple_overflow_statue, first_ration,
          kennysheep_small_circle
D:5:      layout_cave_pools, slow_altar_2, kennysheep_generic_room_12
D:6:      layout_loops_ring, serial_shops, shop, shop,
          nicolae_shop_behind_doors, uniq_blork_the_orc
D:7:      layout_gridville, chequers_temple_overflow_statue_of_worship,
          minmay_temple_entry_waves
D:8:      layout_basic, okawaru_humans, serial_shops, kennysheep_little_box
D:9:      layout_basic, kennysheep_mini_moat, david_lair_generic,
          zombieorc1_lemuel, blue_anna_alchemist [blue_anna_fruit_fields,
          blue_anna_fruit_fields], serial_bayou_lagoon_a, uniq_psyche
D:10:     layout_roguey, lemuel_altar_in_water
D:12:     layout_gridville, serial_shops, kennysheep_mini, minmay_liquid_box,
          uniq_frances
Temple:   dpeg_chambers_temple

Skill      XL: |  1  2  3  4  5  6  7  8  9 10 |
---------------+-------------------------------+-----
Charms         | 2 3 4 5 |  5.1
Spellcasting   | 5 6 7 |  7.6
Invocations    | 1 2 3 4 5 6 |  6.1
Short Blades   | 1 2 3 4 5 |  5.6
Long Blades    | 1 2 3 4 5 |  5.6
Axes           | 1 2 3 4 5 |  5.6
Maces & Flails | 1 2 3 4 5 |  5.6
Polearms       | 1 2 3 4 5 |  5.6
Staves         | 1 2 3 4 5 |  5.6
Slings         | 1 2 3 4 5 |  5.6
Bows           | 1 2 3 4 5 |  5.6
Crossbows      | 1 2 3 4 5 |  5.6
Armour         | 1 2 3 4 5 |  5.6
Shields        | 1 2 3 4 5 |  5.6
Evocations     | 1 2 3 4 5 |  5.6
Conjurations   | 1 2 3 4 |  4.6
Hexes          | 1 2 3 4 |  4.6
Summonings     | 1 2 3 4 |  4.6
Translocations | 1 2 3 4 |  4.6
Transmutations | 1 2 3 4 |  4.6
Fire Magic     | 1 2 3 4 |  4.6
Ice Magic      | 1 2 3 4 |  4.6
Air Magic      | 1 2 3 4 |  4.6
Earth Magic    | 1 2 3 4 |  4.6
Poison Magic   | 1 2 3 4 |  4.6
Fighting       | 3 4 5 6 |  6.2
Throwing       | 3 4 5 6 |  6.2
Dodging        | 3 4 5 6 |  6.2
Unarmed Combat | 3 4 5 6 |  6.2
Necromancy     | 4 5 6 |  6.1
Stealth        | 3 4 5 6 |  6.1

Action                   |  1- 3 |  4- 6 |  7- 9 | 10-12 || total
-------------------------+-------+-------+-------+-------++-------
Melee: Dagger            |   167 |   162 |   188 |   141 ||   658
       Bite              |    14 |    11 |    93 |    78 ||   196
       Punch             |     1 |     1 |     8 |    13 ||    23
       Short sword       |       |       |   340 |    77 ||   417
       Mace              |       |       |       |   110 ||   110
Throw: Dart              |       |       |     1 |     4 ||     5
Invok: Slouch            |       |       |       |     3 ||     3
Evoke: Wand              |       |       |     2 |     2 ||     4
  Use: Scroll            |       |       |    20 |     3 ||    23
       Potion            |       |       |     2 |       ||     2
 Stab: Sleeping          |       |       |       |     8 ||     8
       Distracted        |       |       |       |     1 ||     1
  Eat: Chunk             |     1 |     4 |     5 |     2 ||    12
       Ration            |       |     1 |     2 |     2 ||     5
Armor: Robe              |     7 |       |       |       ||     7
       Chain mail        |    89 |    92 |   187 |     3 ||   371
       Skin              |       |       |    66 |       ||    66
       Ring mail         |       |       |       |    83 ||    83
Dodge: Dodged            |    78 |    55 |   204 |   205 ||   542
Block: Shield            |       |       |       |    97 ||    97
